AoeStats
← Spectres

MegaRandom

510261355Analyzed
2v2 RM · 2d ago on Sep 30, 2026· 47m 15s· 4 players
Game mode
Random Map
Map size
Medium (4 player)
Population
200
Speed
Normal
Resources
Standard
Victory
Conquest
Starting age
Dark Age
Ending age
Imperial Age
RankedLock teamsTeams togetherTeam positionsShared explorationLock speedFull tech treeHidden civsTurbo modeCheats
Victory
Defeat
🇺🇸 Varangians · United States
1286
+14
🇪🇸 Britons · Spain
1134
+20
🇦🇹 Mongols · Austria
1235
-17
🇨🇭 Turks · Switzerland
1224
-17
Spectres
4:57 Loom
14:16 Feudal Age
15:10 Double-Bit Axe
23:12 Castle Age
21:47 Bloodlines
22:13 Horse Collar
23:40 Forging
28:25 Iron Casting
29:04 Heavy Plow
35:38 Wheelbarrow
41:07 Imperial Age
39:32 Scale Barding Armor
41:10 Hand Cart
41:33 Capped Ram
42:37 Conscription
44:55 Husbandry
_Shev_777__
8:37 Loom
13:22 Feudal Age
17:40 Castle Age
15:43 Double-Bit Axe
16:15 Horse Collar
23:57 Town Watch
30:22 Fletching
33:28 Pikeman
40:14 Imperial Age
38:24 Padded Archer Armor
41:43 Bloodlines
41:34 Husbandry
42:00 Bodkin Arrow
CMCHJK
12:08 Feudal Age
12:46 Double-Bit Axe
14:06 Loom
15:43 Wheelbarrow
15:40 Bloodlines
20:33 Castle Age
18:46 Double-Bit Axe
19:20 Horse Collar
21:00 Scale Barding Armor
22:02 Forging
22:37 Light Cavalry
25:40 Husbandry
28:15 Bow Saw
29:50 Chain Barding Armor
33:29 Gold Mining
33:30 Stone Mining
34:14 Heavy Plow
35:27 Hand Cart
40:28 Imperial Age
38:14 Town Watch
39:38 Iron Casting
39:14 Stone Mining
41:57 Plate Barding Armor
42:49 Fletching
44:29 Hussar
47:54 Blast Furnace
mingenbauer
13:39 Feudal Age
18:51 Castle Age
20:49 Light Cavalry
22:14 Wheelbarrow
24:53 Forging
25:21 Elite Skirmisher
32:27 Ballistics
32:11 Fletching
36:29 Imperial Age
34:41 Gold Mining
35:05 Bodkin Arrow
35:33 Padded Archer Armor
36:50 Husbandry
39:30 Bracer
42:52 Chemistry
42:32 Iron Casting
42:51 Elite Longbowman
45:17 Leather Archer Armor
46:36 Ring Archer Armor
Connection lost

Rejoining the realm…

Still unreachable

The connection could not be restored.

Session expired

The server has moved on; the page needs a fresh start.